AoeStats
← [CL] Al3jandr0.magn00

Arabia

505519913Analyzed
1v1 RM · 22d ago on Sep 9, 2026· 53m 47s· 2 players
Game mode
Random Map
Map size
Tiny (2 player)
Population
200
Speed
Normal
Resources
Standard
Victory
Conquest
Starting age
Dark Age
Ending age
Imperial Age
RankedLock teamsTeams togetherTeam positionsShared explorationLock speedFull tech treeHidden civsTurbo modeCheats
Victory
Defeat
🇦🇷 Byzantines · Argentina
1952
+11
🇩🇪 Koreans · Germany
1836
-11
Umdeuter
6:30 Loom
8:41 Feudal Age
10:04 Double-Bit Axe
15:47 Arson
17:55 Horse Collar
20:37 Castle Age
18:49 Scale Mail Armor
19:09 Gold Mining
22:00 Chain Mail Armor
23:47 Squires
28:47 Forging
30:23 Wheelbarrow
33:21 Hand Cart
35:04 Sanctity
39:01 Imperial Age
37:56 Heavy Plow
38:58 Iron Casting
38:32 Fletching
39:45 Bow Saw
40:16 Gold Shaft Mining
40:42 Plate Mail Armor
41:43 Chemistry
41:26 Conscription
42:36 Masonry
42:10 Treadmill Crane
42:32 Stone Mining
43:37 Block Printing
44:40 Town Watch
44:52 Bodkin Arrow
45:01 Elite Skirmisher
46:45 Architecture
46:23 Elite Fire Lancer
47:14 Bracer
48:28 Thumb Ring
48:45 Ballistics
49:07 Scale Barding Armor
49:24 Crossbowman
50:29 Husbandry
49:50 Light Cavalry
51:39 Eupseong
[CL] Al3jandr0.magn00
6:13 Loom
8:48 Feudal Age
9:30 Double-Bit Axe
16:27 Wheelbarrow
20:37 Castle Age
19:05 Horse Collar
20:25 Fletching
20:40 Elite Skirmisher
21:19 Bodkin Arrow
23:04 Gold Mining
23:04 Stone Mining
24:44 Bow Saw
24:26 Stone Mining
37:34 Imperial Age
36:42 Forging
36:35 Padded Archer Armor
38:19 Hand Cart
39:19 Iron Casting
38:46 Bracer
39:20 Ballistics
41:02 Chemistry
40:39 Gold Shaft Mining
42:17 Leather Archer Armor
42:32 Conscription
44:45 Devotion
46:14 Ring Archer Armor
45:51 Scale Barding Armor
46:44 Elite Cataphract
48:01 Iron Casting
49:00 Chain Barding Armor
50:52 Plate Barding Armor
51:19 Two-Man Saw
50:20 Heavy Plow
Connection lost

Rejoining the realm…

Still unreachable

The connection could not be restored.

Session expired

The server has moved on; the page needs a fresh start.